 Dungeon Crawl Stone Soup version 0.23.2 (webtiles) character file.

Game seed: 3428562092137606994

1339 EntropyAnarchist the Carver (level 8, 68/68 HPs)
             Began as a Minotaur Fighter on Apr 2, 2019.
             Was a Priest of Elyvilon.
             Quit the game on level 6 of the Dungeon.
             The game lasted 00:32:48 (5212 turns).

EntropyAnarchist the Carver (Minotaur Fighter)      Turns: 5212, Time: 00:32:48

Health: 68/68      AC: 15    Str: 23    XL:     8   Next: 35%
Magic:  7/7        EV:  7    Int:  5    God:    Elyvilon [***...]
Gold:   272        SH: 11    Dex: 10    Spells: 7/7 levels left

rFire    . . .     SeeInvis .   a - +1 long sword
rCold    . . .     Gourm    .   c - +0 shield
rNeg     . . .     Faith    .   m - +1 chain mail
rPois    .         Spirit   .   (helmet restricted)
rElec    .         Reflect  .   (no cloak)
rCorr    .         Harm     .   e - +2 pair of gloves
MR       .....                  p - +0 pair of boots
Stlth    ..........             (no amulet)
HPRegen  0.21/turn              (no ring)
MPRegen  0.10/turn              (no ring)

@: no status effects
A: retaliatory headbutt, horns 2
a: Lesser Healing, Heal Other, Purification, Divine Protection, Renounce
Religion


You were on level 6 of the Dungeon.
You worshipped Elyvilon.
Elyvilon was most pleased with you.
You were not hungry.

You visited 1 branch of the dungeon, and saw 6 of its levels.

You collected 272 gold pieces.

Inventory:

Hand Weapons
 a - a +1 long sword (weapon)
 g - a +0 halberd
Missiles
 i - 45 bolts
 l - 5 large rocks
 o - 121 stones (quivered)
 t - 65 sling bullets
Armour
 b - a +0 scale mail
 c - a +0 shield (worn)
 e - a +2 pair of gloves (worn)
 j - a +0 ring mail
 m - a +1 chain mail (worn)
 p - a +0 pair of boots (worn)
Jewellery
 r - an uncursed ring of fire {unknown}
 y - a +2 ring of protection {unknown}
 D - an uncursed amulet of rage {unknown}
Wands
 k - a wand of digging (2)
 C - a wand of iceblast (7)
Scrolls
 h - 6 scrolls of identify
 n - 6 scrolls of teleportation
 u - a scroll of blinking {unknown}
 v - a scroll of remove curse {unknown}
Potions
 d - 4 potions of might
 q - 3 potions of brilliance
 s - a potion of invisibility {unknown}
 w - 2 potions of curing
 x - a potion of ambrosia {unknown}
 z - a potion of mutation {unknown}
 B - a potion of agility
Comestibles
 f - 10 rations


   Skills:
 + Level 5.3 Fighting
 * Level 8.2 Long Blades
 + Level 5.5 Armour
 + Level 1.9 Dodging
 * Level 7.6 Shields
 + Level 0.8 Evocations


You had 7 spell levels left.
You didn't know any spells.
Your spell library contained the following spells:

 Spells                   Type           Power        Failure   Level  Hunger
 Apportation              Tloc           #.....       100%        1    ##.....
 Confusing Touch          Hex            #.....       100%        1    ##.....
 Blink                    Tloc           N/A          100%        2    ###....
 Cause Fear               Hex            #.........   100%        4    #####..
 Controlled Blink         Tloc           N/A          100%        8    #######


Dungeon Overview and Level Annotations

Branches:
Dungeon (6/15)
 Temple: D:4-7

Altars:
Elyvilon
Fedhas

Shops:
D:5 (


Innate Abilities, Weirdness & Mutations

You reflexively headbutt those who attack you in melee.
You have a pair of horns on your head.


Message History

The wyvern skeleton barely misses you. You furiously retaliate!
You headbutt the wyvern skeleton!
You destroy the wyvern skeleton!
You now have 262 gold pieces (gained 12).
z - a fuming dark potion All of the chunks of flesh in your inventory have rotted away.
As you open the door, it creaks loudly!
Found a stone staircase leading down.
There is an open door here.
You now have 272 gold pieces (gained 10).
As you open the door, it creaks loudly!
There is an open door here.
There is a stone staircase leading down here.
Found an escape hatch in the floor.
s - a sedimented brown potion
There is a stone staircase leading down here.
There is a stone staircase leading down here.
Done exploring.
Done exploring.
Are you sure you want to abandon this character and quit the game? (Confirm with "yes".)

####..#####
#.##......#
##.###.....#
####...........
#..............
####..........#...
##..#..............
#......###.###.....
#.@....##...#......
##.................
#.................
##.#.###..........
#####.#..#.......
##...###......
###........#....
#..........#...)
#...............


There were no monsters in sight!

Vanquished Creatures
  A wyvern (D:5)
  Eustachio (D:3)
  A phantom (D:4)
  A centaur (D:5)
  2 bullfrogs
  A wyvern skeleton (D:6)
  A jelly (D:6)
  3 hounds
  A centaur skeleton (D:5)
  2 orc priests
  3 orc wizards
  Ijyb (D:2)
  2 iguanas (D:4)
  Natasha (thrice) (D:3)
  4 worker ants
  A hound skeleton (D:4)
  A worker ant zombie (D:6)
  6 adders
  5 gnolls
  An adder skeleton (D:5)
  3 worms (D:3)
  A leopard gecko (D:2)
  11 orcs
  7 giant cockroaches
  4 hobgoblins
  3 jackals (D:1)
  4 quokkas
  A bat (D:3)
  A frilled lizard (D:4)
  A giant cockroach zombie (D:4)
  4 goblins
  4 kobolds
  A leopard gecko zombie (D:5)
  5 rats
91 creatures vanquished.

Notes
Turn   | Place    | Note
-------+----------+-------------------------------------------
     0 | D:1      | EntropyAnarchist the Minotaur Fighter began the quest for
                  | the Orb.
     0 | D:1      | Reached XP level 1. HP: 19/19 MP: 0/0
   558 | D:1      | Reached XP level 2. HP: 27/27 MP: 1/1
   783 | D:2      | Noticed Natasha
   791 | D:2      | Noticed a crimson imp
   795 | D:2      | Noticed a crimson imp
   812 | D:3      | Killed Natasha
   812 | D:3      | Reached skill level 3 in Long Blades
   812 | D:3      | Reached XP level 3. HP: 5/33 MP: 2/2
  1263 | D:2      | Found a white marble altar of Elyvilon.
  1283 | D:2      | Became a worshipper of Elyvilon the Healer
  1647 | D:3      | Noticed Ijyb
  1667 | D:2      | Killed Ijyb
  1667 | D:2      | Reached XP level 4. HP: 37/40 MP: 3/3
  1877 | D:3      | Noticed Natasha
  1890 | D:3      | Reached skill level 4 in Long Blades
  1903 | D:3      | Killed Natasha
  2027 | D:3      | Reached XP level 5. HP: 47/47 MP: 4/4
  2038 | D:3      | Reached * piety under Elyvilon
  2447 | D:3      | Reached skill level 5 in Long Blades
  2579 | D:3      | Noticed Natasha
  2591 | D:3      | Killed Natasha
  2702 | D:4      | Noticed Eustachio
  2776 | D:3      | Killed Eustachio
  2776 | D:3      | Reached skill level 5 in Shields
  2776 | D:3      | Reached XP level 6. HP: 43/53 MP: 5/5
  2827 | D:4      | Reached ** piety under Elyvilon
  3024 | D:4      | Reached skill level 6 in Long Blades
  3274 | D:4      | Reached XP level 7. HP: 60/60 MP: 6/6
  3592 | D:5      | Entered Level 5 of the Dungeon
  3592 | D:5      | Found a blossoming altar of Fedhas.
  3627 | D:5      | Reached skill level 1 in Dodging
  3645 | D:5      | Reached *** piety under Elyvilon
  3722 | D:5      | Reached skill level 5 in Fighting
  3802 | D:5      | Found Nyitet's Weapon Emporium.
  3835 | D:5      | Reached skill level 7 in Long Blades
  3852 | D:5      | Identified Geass's Handbook of the Bard
  4186 | D:5      | Reached skill level 5 in Armour
  4231 | D:6      | Noticed a wyvern
  4248 | D:5      | Killed a wyvern
  4248 | D:5      | Reached XP level 8. HP: 14/68 MP: 7/7
  4275 | D:5      | Reached skill level 8 in Long Blades
  4281 | D:5      | HP: 3/68 [orc priest/divine providence (9)]
  4286 | D:5      | HP: 3/68 [poisoned by an adder]
  5212 | D:6      | Quit the game

Skill      XL: |  1  2  3  4  5  6  7  8 |
---------------+-------------------------+-----
Fighting       | 4 5 |  5.3
Long Blades    | 3 4 5 6 7 8 |  8.2
Armour         | 4 5 |  5.5
Shields        | 4 5 6 7 |  7.6
Dodging        | 1 |  1.9
Evocations     | |  0.8

Action                   |  1- 3 |  4- 6 |  7- 9 || total
-------------------------+-------+-------+-------++-------
Melee: Long sword        |    61 |   173 |   143 ||   377
       Headbutt          |    10 |    28 |    28 ||    66
Evoke: Wand              |       |     2 |     2 ||     4
  Use: Potion            |     2 |       |     5 ||     7
       Scroll            |       |     3 |     3 ||     6
  Eat: Ration            |     1 |       |     2 ||     3
       Chunk             |       |     4 |     1 ||     5
Armor: Scale mail        |    25 |       |       ||    25
       Ring mail         |    12 |     8 |       ||    20
       Chain mail        |       |   104 |   104 ||   208
Dodge: Dodged            |    13 |    38 |    48 ||    99
Block: Shield            |    33 |    99 |    89 ||   221
       Rpst.: Long sword |     4 |     9 |    12 ||    25
